 Dungeon Crawl Stone Soup version 0.28-a0-925-gd5e1996cdb (webtiles) character file.

Game seed: 4169188822433511553

140 ytrimaz the Covered (level 5, -5/41 HPs)
             Began as a Demonspawn Fighter on Nov 26, 2021.
             Slain by a gnoll (12 damage)
             ... on level 3 of the Dungeon.
             The game lasted 00:02:15 (2038 turns).

ytrimaz the Covered (Demonspawn Fighter)            Turns: 2038, Time: 00:02:16

Health: -5/41      AC:  6    Str: 18    XL:     5   Next: 2%
Magic:  5/5        EV:  9    Int:  9    God:
Gold:   28         SH:  4    Dex: 12    Spells: 4/4 levels left

rFire   . . .      SeeInvis .   a - +0 war axe
rCold   . . .      Faith    .   c - +0 buckler
rNeg    . . .      Spirit   .   b - +0 scale mail
rPois   .          Reflect  .   (helmet restricted)
rElec   .          Harm     .   (no cloak)
rCorr   .          Rampage  .   (no gloves)
Will    .....                   (no boots)
Stlth   ..........              j - amulet of regeneration
HPRegen 0.93/turn               (no ring)
MPRegen 0.09/turn               (no ring)

@: no status effects
A: antennae 1, powered by pain 1
a: no special abilities


You were on level 3 of the Dungeon.
You visited 1 branch of the dungeon, and saw 3 of its levels.

You collected 28 gold pieces.

Inventory:

Hand Weapons
 a - a +0 war axe (weapon)
Armour
 b - a +0 scale mail (worn)
 c - a +0 buckler (worn)
Jewellery
 j - an amulet of regeneration (around neck)
Scrolls
 h - a scroll of amnesia
 i - a scroll of noise {unknown}
Potions
 d - a potion of might
 e - a potion of haste {unknown}
 f - 2 potions of flight {unknown}
 g - a potion of heal wounds {unknown}


   Skills:
 * Level 3.6 Fighting
 + Level 3.0 Axes
 * Level 3.6 Armour
 * Level 3.3 Shields


You had 4 spell levels left.
You didn't know any spells.
Your spell library contained the following spells:

 Spells                   Type           Power      Damage    Failure   Level
 Slow                     Hex            0%         N/A       80%         1
 Confusing Touch          Hex            0%         N/A       99%         3
 Vampiric Draining        Necr           0%         2d6       99%         3


Dungeon Overview and Level Annotations

Branches:
Dungeon (3/15)

Altars:

Shops:
D:1 :


Innate Abilities, Weirdness & Mutations

You have a pair of small antennae on your head.
You sometimes gain a little power by taking damage.


Message History

The adder is almost dead.
You feel sick.
You are no longer poisoned.
The adder closely misses you. x2
You slash the adder!
You kill the adder!
You have reached level 5!
You start resting.
HP restored.
You climb downwards.
The gnoll hits you from afar with a +0 spear.
The gnoll completely misses you.
There is a stone staircase leading up here.
Press: ? - help, v - describe, . - travel
Here: a gnoll, wielding a +1 halberd of flaming The floor.
The gnoll hits you with a +0 spear!
There is a stone staircase leading up, spattered with blood here.
The gnoll throws a throwing net.
The throwing net hits you.
You become entangled in the net!
You stop ascending the stairs.
The gnoll barely misses you.
Unknown command.
Unknown command.
Unknown command.
You struggle against the net.
The gnoll completely misses you.
The gnoll hits you from afar with a +1 halberd of flaming.
The gnoll burns you. The gnoll hits you with a +0 spear.
You tear a large gash into the net.
The gnoll hits you from afar with a +0 spear.
The gnoll barely misses you. The gnoll hits you with a +0 spear.
You rip the net and break free!
The gnoll hits you from afar with a +0 spear.
The gnoll hits you from afar with a +1 halberd of flaming.
The gnoll burns you.
* * * LOW HITPOINT WARNING * * *
The gnoll barely misses you. The gnoll hits you with a +0 spear.
* * * LOW HITPOINT WARNING * * *
The gnoll hits you with a +1 halberd of flaming!
You die...

#.......###
...........
.......... ..
...#... ...
##.#.## .#
....####.....# ..#
.............##..#
......(....<....#
..........g@..#(#
......###.gg..# #
..............#.#
................#
..............#.#
...........#..#.#
.#...............
.........##...##
.........# .#.#


You could see 3 gnolls.

Vanquished Creatures
  An iguana (D:2)
  3 gnolls
  5 adders (D:2)
  3 ball pythons
  3 endoplasms
  A giant cockroach (D:1)
  11 goblins
  4 hobgoblins
  A quokka (D:1)
  6 bats
  3 frilled lizards (D:2)
  5 kobolds
46 creatures vanquished.

Notes
Turn   | Place    | Note
-------+----------+-------------------------------------------
     0 | D:1      | ytrimaz the Demonspawn Fighter began the quest for the Orb.
     0 | D:1      | Reached XP level 1. HP: 18/18 MP: 1/1
   446 | D:1      | Gained mutation: You sometimes gain a little power by
                  | taking damage. [demonic ancestry]
   446 | D:1      | Reached XP level 2. HP: 23/24 MP: 2/2
   480 | D:1      | Found Lemiteub's Book Boutique.
   842 | D:1      | Reached XP level 3. HP: 29/29 MP: 3/3
  1643 | D:2      | Gained mutation: You have a pair of small antennae on your
                  | head. [demonic ancestry]
  1643 | D:2      | Reached XP level 4. HP: 35/35 MP: 4/4
  1644 | D:2      | Found a faded altar of an unknown god.
  2004 | D:2      | Reached XP level 5. HP: 17/41 MP: 5/5
  2038 | D:3      | Slain by a gnoll

Illustrated notes

Levels and vault maps discovered:
D:1:      evilmike_arrival_crescent, layout_basic, serial_shops,
          nicolae_shop_advertising_works [nicolae_subvault_shop_adworks]
D:2:      layout_rooms, dreamdust_ecumenical_altar_angels_and_demons,
          kennysheep_donut, minmay_misc_feat_secret_circle
D:3:      layout_basic, nicolae_ru_sacrificial_ziggurat, dk_noncrumbling_4

Skill      XL: |  1  2  3  4 |
---------------+-------------+-----
Axes           | 2 3 |  3.0
Armour         | 3 |  3.6
Shields        | 3 |  3.3
Fighting       | |  3.6

Action                   |  1- 3 |  4- 6 || total
-------------------------+-------+-------++-------
Melee: War axe           |   112 |    52 ||   164
  Use: Scroll            |     3 |       ||     3
Armor: Scale mail        |    70 |    33 ||   103
Dodge: Dodged            |    65 |    40 ||   105
Block: Buckler           |    24 |    25 ||    49

Table legend: (Time is in decaauts)
 A = Elapsed time spent in this place.
 B = Non-inter-level travel time spent in this place.
 C = Inter-level travel time spent in this place.
 D = Time resting spent in this place.
 E = Time spent auto-exploring this place.
 F = Levels seen in this place.
 G = Mean time per level.
                   A        B        C        D        E       F      G
               +--------+--------+--------+--------+--------+-----+--------+
         Total |   2105 |   2079 |     26 |     26 |   1621 |   3 |  701.7 |
       Dungeon |   2105 |   2079 |     26 |     26 |   1621 |   3 |  701.7 |
               +--------+--------+--------+--------+--------+-----+--------+

Top non-repeatable levels by time:
     D:1: 1313 daAuts
     D:2: 755 daAuts
     D:3: 36 daAuts
